 Dungeon Crawl Stone Soup version 0.24-a0-439-g6dd8730de2 (webtiles) character file.

Game seed: 9218276701053115776

15821 KristoblXynda the Carver (level 12, -19/106 HPs)
             Began as a Yellow Draconian Gladiator on June 17, 2019.
             Was a High Priest of Yredelemnul.
             Shot with a bolt by a yaktaur (31 damage)
             ... on level 12 of the Dungeon.
             The game lasted 00:28:59 (15892 turns).

KristoblXynda the Carver (DrGl)                    Turns: 15892, Time: 00:29:00

Health: -19/106    AC: 13    Str: 17    XL:     12   Next: 4%
Magic:  16/16      EV: 18    Int: 11    God:    Yredelemnul [*****.]
Gold:   179        SH:  3    Dex: 15    Spells: 11/11 levels left

rFire    . . .     SeeInvis .   g - +0 scimitar
rCold    . . .     Gourm    .   (no shield)
rNeg     + . .     Faith    .   (armour unavailable)
rPois    +         Spirit   .   b - +1 hat
rElec    +         Reflect  +   E - +0 cloak
rCorr    +         Harm     .   u - +0 pair of gloves
MR       .....                  (no boots)
Stlth    +.........             r - +3 amulet of reflection
HPRegen  0.27/turn              D - ring "Foent" {*Contam rElec rPois rN+}
MPRegen  0.15/turn              a - +2 ring of protection

@: about to teleport, short of breath
A: spit acid, unfitting armour, cold-blooded, acid resistance, AC +8
a: Breathe Acid, Recall Undead Slaves, Injury Mirror, Animate Dead, Drain Life,
Enslave Soul, Renounce Religion


You were on level 12 of the Dungeon.
You worshipped Yredelemnul.
Yredelemnul was extremely pleased with you.
You were very hungry.

You visited 2 branches of the dungeon, and saw 13 of its levels.
You also visited: Sewer.

You collected 518 gold pieces.
You spent 339 gold pieces at shops.

Inventory:

Hand Weapons
 g - a +0 scimitar (weapon)
Missiles
 c - 7 throwing nets
 G - 6 javelins (quivered)
Armour
 b - a +1 hat (worn)
 u - a +0 pair of gloves (worn)
 E - a +0 cloak (worn)
Jewellery
 a - a +2 ring of protection (right hand)
 r - a +3 amulet of reflection (around neck)
 s - an uncursed ring of flight
 D - the ring "Foent" (left hand) {*Contam rElec rPois rN+}
   (You found it on level 10 of the Dungeon)

   [ring of poison resistance]

   It insulates you from electricity.
   It protects you from poison.
   It protects you from negative energy.
   It causes magical contamination when unequipped.
Wands
 m - a wand of digging (10)
 y - a wand of disintegration (11)
 z - a wand of iceblast (11)
Scrolls
 f - 5 scrolls of fog
 h - 3 scrolls of fear
 o - 5 scrolls of teleportation
 t - 4 scrolls of blinking
 v - 4 scrolls of remove curse
 w - 2 scrolls of magic mapping
 A - a scroll of amnesia
 B - 3 scrolls of enchant armour
 C - 4 scrolls of identify
 H - a scroll of summoning
Potions
 e - 4 potions of curing
 i - a potion of berserk rage
 j - a potion of ambrosia
 k - a potion of agility
 l - 5 potions of flight
 n - 2 potions of haste
 p - 3 potions of heal wounds
 q - 3 potions of magic
 x - a potion of might
 F - 2 potions of lignification
Comestibles
 d - 19 rations


   Skills:
 - Level 10.1 Fighting
 + Level 11.6 Long Blades
 + Level 5.7 Throwing
 + Level 9.1 Dodging
 + Level 5.8 Invocations
 - Level 5.3 Evocations


You had 11 spell levels left.
You didn't know any spells.
Your spell library was empty.

Dungeon Overview and Level Annotations

Branches:
Dungeon (12/15)            Temple (1/1) D:5            Lair (0/6) D:10
    Orc (0/2) D:11

Altars:
Ashenzari
Cheibriados
Dithmenos
Elyvilon
Fedhas
Gozag
Hepliaklqana
Kikubaaqudgha
Makhleb
Nemelex Xobeh
Okawaru
Qazlal
Ru
Sif Muna
Trog
Uskayaw
Vehumet
Wu Jian
Xom
Yredelemnul
Zin
The Shining One

Shops:
D:6 (%=   D:8 (   D:11 ?


Innate Abilities, Weirdness & Mutations

You can spit globs of acid.
Your golden yellow scales are hard. (AC +8)
You cannot fit into any form of body armour.
You are cold-blooded and may be slowed by cold attacks.
You are resistant to acid. (rCorr)


Message History

A gnoll comes into view. It is wielding a +0 flail.
A yaktaur comes into view.
The centaur wields a shortbow.
The centaur shoots an arrow.
The arrow barely misses you.
A yaktaur comes into view.
A gnoll comes into view. It is wielding a +0 halberd.
An electric eel comes into view.
Found 2 arrows, a flail, an encrusted garnet ring and 20 gold pieces. 2 centaurs and 2 yaktaurs come into view.
As you read the scroll of teleportation, it crumbles to dust.
You feel strangely unstable.
The yaktaur wields a +0 arbalest.
The yaktaur shoots a bolt.
The bolt hits you!!
* * * LOW HITPOINT WARNING * * *
The centaur shoots an arrow.
The arrow completely misses you.
The yaktaur wields a +0 arbalest.
The yaktaur shoots a bolt.
The bolt hits you!
* * * LOW HITPOINT WARNING * * *
The yaktaur wields a +0 arbalest.
The yaktaur shoots a bolt.
The bolt hits you!!
You die...
Your body rises from the dead as a mindless zombie.

≈≈≈≈...≈≈....
..≈≈≈.≈≈....
....≈.≈....
.....≈;...#
..........#
.......g(.+
...g......#
..cc...@..#
...c.....(..)g.
...............
.cg..........=.
#
..Cc...........
.
...cc..........
#
..g...#########
......
#......%..#


You could see a cyclops, 4 yaktaurs, 3 centaurs, an electric eel and 5 gnolls.

Vanquished Creatures
  Harold (D:8)
  A two-headed ogre (D:8)
  An unseen horror (D:11)
  3 gargoyles (D:7)
  2 centaur skeletons (D:11)
  A troll (D:9)
  Grinder (D:4)
  A hippogriff (D:9)
  A hornet (D:10)
  2 wyverns
  A human (D:9)
  13 yaks
  3 hogs (D:9)
  3 vampire mosquitoes (D:12)
  Menkaure (D:4)
  Duvessa (D:4)
  4 porcupines (D:10)
  Purgy (Sewer)
  3 sky beasts
  3 orc warriors
  2 ice beasts
  4 ogres
  2 centaurs
  A crocodile (D:10)
  9 bullfrogs
  Dowan (D:4)
  4 scorpions
  3 killer bees (D:11)
  2 howler monkeys
  4 crimson imps
  5 centaur zombies
  3 bullfrog zombies
  2 jellies
  A quasit (D:11)
  8 hounds
  5 orc priests
  5 bullfrog skeletons
  Jessica (D:3)
  An iguana (D:10)
  12 orc wizards
  11 worker ants
  2 hound zombies (D:4)
  2 hound skeletons
  A worker ant zombie (D:5)
  A gnoll (D:1)
  14 adders
  A river rat (D:5)
  An ooze (D:3)
  3 adder skeletons
  A worm (D:3)
  A dart slug (D:1)
  7 leopard geckos
  56 orcs
  14 bats
  7 giant cockroaches
  7 goblins
  10 hobgoblins
  12 jackals
  10 kobolds
  4 quokkas
  6 ball pythons
  10 frilled lizards
  A giant cockroach zombie (D:4)
  2 leopard gecko skeletons
  A leopard gecko zombie (D:4)
  A quokka skeleton (D:4)
  19 rats
327 creatures vanquished.

Vanquished Creatures (collateral kills)
  Fannar (D:11)
  A two-headed ogre (D:10)
  A manticore (D:12)
  A centaur zombie (D:10)
  A troll (D:10)
  2 hippogriffs (D:11)
  A wraith (D:11)
  10 yaks (D:11)
  2 porcupines (D:10)
  A swamp drake (D:11)
  2 orc warriors (D:11)
  A black bear (D:10)
  A phantom (D:12)
  A centaur (D:10)
  A wyvern skeleton (D:10)
  2 killer bees (D:11)
  A jelly (D:11)
  A hound (D:10)
  5 orc wizards
  An iguana (D:10)
  2 worker ants
  3 adders
  6 orcs
  3 fungi (D:10)
  4 plants (D:10)
55 creatures vanquished.

Vanquished Creatures (others)
  8 flying skulls (D:11)
  2 wights
  A bullfrog skeleton (D:10)
  2 porcupine zombies (D:10)
  A porcupine skeleton (D:10)
  2 killer bee zombies (D:11)
  2 ogre zombies
  3 hound zombies
  2 scorpion zombies (D:10)
  A swamp drake zombie (D:11)
  5 orc zombies
  An orc skeleton (D:10)
  28 fungi (D:10)
  11 plants (D:10)
69 creatures vanquished.

Grand Total: 451 creatures vanquished

Notes
Turn   | Place    | Note
-------+----------+-------------------------------------------
     0 | D:1      | KristoblXynda the Draconian Gladiator began the quest for
                  | the Orb.
     0 | D:1      | Reached XP level 1. HP: 17/17 MP: 1/1
   157 | D:1      | Reached XP level 2. HP: 22/25 MP: 2/2
   543 | D:1      | Reached XP level 3. HP: 30/30 MP: 3/3
  1209 | D:2      | Found a basalt altar of Yredelemnul.
  1245 | D:2      | Reached XP level 4. HP: 31/38 MP: 4/4
  1271 | D:2      | Became a worshipper of Yredelemnul the Dark
  1624 | D:2      | You fall into a shaft and drop 2 floors!
  1698 | D:4      | Reached XP level 5. HP: 32/45 MP: 5/5
  1735 | D:4      | Reached skill level 4 in Long Blades
  1755 | D:4      | HP: 1/46 [orc (4)]
  2037 | D:4      | Reached * piety under Yredelemnul
  2113 | D:4      | Noticed Menkaure
  2121 | D:4      | Killed Menkaure
  2121 | D:4      | Reached skill level 1 in Invocations
  2121 | D:4      | Reached XP level 6. HP: 27/52 MP: 5/7
  2628 | D:4      | Noticed Duvessa
  2634 | D:4      | Noticed Grinder
  2635 | D:4      | Noticed Dowan
  3155 | D:3      | Noticed Jessica
  3166 | D:3      | Killed Jessica
  3166 | D:3      | Your scales start taking on a golden yellow colour.
  3166 | D:3      | Reached XP level 7. HP: 45/60 MP: 8/8
  3166 | D:3      | Gained mutation: You are resistant to acid. (rCorr) [Yellow
                  | Draconian growth]
  3314 | D:3      | Found a faded altar of an unknown god.
  3555 | D:3      | Reached ** piety under Yredelemnul
  3712 | D:3      | Found a bloodstained altar of Trog.
  3880 | D:2      | Found a white marble altar of Elyvilon.
  4291 | D:4      | Paralysed by Grinder for 2 turns
  4297 | D:4      | Killed Grinder
  4297 | D:4      | Reached skill level 5 in Fighting
  4297 | D:4      | Reached skill level 5 in Long Blades
  4695 | D:4      | Killed Duvessa
  4711 | D:4      | Killed Dowan
  4711 | D:4      | Reached skill level 5 in Dodging
  4711 | D:4      | Reached XP level 8. HP: 28/69 MP: 10/10
  4908 | D:5      | Entered Level 5 of the Dungeon
  4970 | D:5      | Found a glowing drain.
  4978 | D:5      | Reached *** piety under Yredelemnul
  4993 | Sewer    | Entered a sewer
  5029 | Sewer    | Noticed Purgy
  5046 | Sewer    | Killed Purgy
  5046 | Sewer    | Reached skill level 6 in Long Blades
  5364 | D:5      | Found a staircase to the Ecumenical Temple.
  6008 | Temple   | Entered the Ecumenical Temple
  6248 | D:5      | Received a gift from Yredelemnul (a mummy)
  6879 | D:6      | Found a radiant altar of Vehumet.
  6983 | D:6      | Found Hevuogiv's Antique Weapon Boutique.
  7004 | D:6      | Found a glowing silver altar of Zin.
  7050 | D:6      | Found Nanabei's Food Boutique.
  7123 | D:6      | Found Agips's Jewellery Shoppe.
  7127 | D:6      | Bought a +3 amulet of reflection for 157 gold pieces
  7153 | D:6      | Found a glowing golden altar of the Shining One.
  7264 | D:6      | Reached skill level 7 in Long Blades
  7264 | D:6      | Reached skill level 5 in Invocations
  7588 | D:7      | HP: 1/71 [orc warrior/+2 flail of protection (9)]
  7592 | D:7      | Reached XP level 9. HP: 1/78 MP: 12/12
  8088 | D:7      | Reached **** piety under Yredelemnul
  8177 | D:7      | Found a hazy altar of Hepliaklqana.
  8274 | D:7      | Reached skill level 1 in Evocations
  8369 | D:7      | Noticed a gargoyle
  8373 | D:7      | Killed a gargoyle
  8376 | D:7      | Noticed a gargoyle
  8383 | D:7      | Killed a gargoyle
  8383 | D:7      | Reached skill level 8 in Long Blades
  8934 | D:7      | Noticed a gargoyle
  8939 | D:7      | Killed a gargoyle
  9200 | D:8      | Noticed a two-headed ogre
  9218 | D:8      | Killed a two-headed ogre
  9218 | D:8      | Reached skill level 9 in Long Blades
  9218 | D:8      | Reached XP level 10. HP: 9/88 MP: 13/13
  9685 | D:8      | Found a hazy altar of Hepliaklqana.
 10042 | D:8      | Found an opulent altar of Gozag.
 10165 | D:8      | Found Perchu's Antique Weapon Boutique.
 10185 | D:8      | Bought a glowing long sword for 182 gold pieces
 10402 | D:8      | Found a shadowy altar of Dithmenos.
 10640 | D:8      | Noticed Harold
 10656 | D:8      | Killed Harold
 11179 | D:9      | Found a stormy altar of Qazlal.
 11187 | D:9      | Received a gift from Yredelemnul (a wight)
 11296 | D:9      | Reached skill level 10 in Long Blades
 11839 | D:9      | Reached skill level 5 in Evocations
 11969 | D:10     | Entered Level 10 of the Dungeon
 11973 | D:10     | Received a gift from Yredelemnul (a mummy)
 11992 | D:10     | Got a fine silver ring
 11993 | D:10     | Identified the ring "Foent" {*Contam rElec rPois rN+} (You
                  | found it on level 10 of the Dungeon)
 12412 | D:10     | Found a staircase to the Lair.
 12449 | D:10     | Reached XP level 11. HP: 87/97 MP: 14/14
 12463 | D:10     | Received a gift from Yredelemnul (a mummy)
 12464 | D:10     | Noticed a two-headed ogre
 12470 | D:10     | Killed a two-headed ogre
 13244 | D:11     | Noticed Fannar
 13519 | D:11     | Reached skill level 11 in Long Blades
 13519 | D:11     | Received a gift from Yredelemnul (3 flying skulls)
 13792 | D:11     | Killed Fannar
 13814 | D:11     | Reached ***** piety under Yredelemnul
 14317 | D:11     | Killed an unseen horror
 14336 | D:11     | Reached skill level 10 in Fighting
 14489 | D:11     | Received a gift from Yredelemnul (5 flying skulls)
 14528 | D:11     | Received a gift from Yredelemnul (a wight)
 14535 | D:11     | Reached skill level 5 in Throwing
 14791 | D:11     | Found a staircase to the Orcish Mines.
 14950 | D:11     | Found Jucoaf's Magic Scroll Boutique.
 15084 | D:11     | Received a gift from Yredelemnul (a vampire)
 15863 | D:12     | Reached XP level 12. HP: 86/106 MP: 16/16
 15892 | D:12     | Shot with a bolt by a yaktaur

Levels and vault maps discovered:
D:1:      dpeg_arrival_three_smaller_balls, layout_basic,
          minmay_rat_gold_closets
D:2:      layout_loops_ring, kennysheep_ying_yang, first_ration,
          grunt_ministairs_3, minmay_joined_circles
D:3:      layout_basic, lemuel_doored_altar,
          chequers_ecumenical_altar_simple_redux, uniq_jessica
D:4:      layout_loops_ring, serial_undead, serial_undead_d, serial_undead_c,
          serial_undead_f, serial_undead_b, chequers_serial_rivers_micro_b,
          uniq_menkaure, uniq_grinder, uniq_duvessa
D:5:      layout_basic, minmay_temple_entry_mist, portal_sewer_entry_c
D:6:      layout_basic, nicolae_overflow_crystal_walls, kennysheep_mini,
          zin_treasury, serial_shops, shop_statue, nicolae_shop_window_shopping,
          shop_statue
D:7:      cheibrodos_statue_roulette, layout_basic, basic_altar
D:8:      layout_loops_corners, overflow_temple_1_default,
          kennysheep_little_box, serial_shops, shop, grunt_gozag_statues,
          uniq_harold
D:9:      layout_roguey, nicolae_qazlal_eye_of_the_storm, grunt_livestock
D:10:     layout_irregular_city, due_lair_maze_entry_diamond
D:11:     layout_irregular_city, erik_orc_1, serial_shops, shop, uniq_fannar
D:12:     fort_yaktaur, layout_rooms
Temple:   nicolae_temple_figure_eight

Skill      XL: |  1  2  3  4  5  6  7  8  9 10 11 |
---------------+----------------------------------+-----
Throwing       | 2 3 5 |  5.7
Dodging        | 3 4 5 6 7 9 |  9.1
Fighting       | 3 4 5 6 7 9 10 | 10.1
Long Blades    | 4 5 7 9 10 11 | 11.6
Invocations    | 1 2 3 5 |  5.8
Evocations     | 3 5 |  5.3

Action                   |  1- 3 |  4- 6 |  7- 9 | 10-12 || total
-------------------------+-------+-------+-------+-------++-------
Melee: Long sword        |    75 |   185 |   444 |   394 ||  1098
       Tailslap          |    12 |    35 |    65 |   111 ||   223
       Scimitar          |       |       |       |   146 ||   146
Throw: Javelin           |       |       |     7 |     6 ||    13
Invok: Animate Dead      |       |       |     1 |    33 ||    34
 Abil: Breathe Acid      |       |       |    14 |    17 ||    31
Evoke: Wand              |       |       |       |     2 ||     2
  Use: Scroll            |       |     7 |     7 |    13 ||    27
       Potion            |       |     4 |     2 |     2 ||     8
 Stab: Sleeping          |     2 |     2 |     4 |     2 ||    10
       Distracted        |       |       |       |     6 ||     6
  Eat: Ration            |       |     1 |     1 |     2 ||     4
       Chunk             |       |     4 |    20 |    27 ||    51
Armor: Skin              |    23 |    53 |   146 |   132 ||   354
Dodge: Dodged            |    69 |   121 |   373 |   453 ||  1016
Block: Other             |       |       |    10 |    63 ||    73
       Rpst.: Long sword |    24 |    39 |    99 |    85 ||   247
       Scimitar          |       |       |       |    40 ||    40

Table legend:
 A = Non-vault XP
 B = Vault XP
 C = Vault XP percentage of total XP
 D = Non-vault monster count
 E = Vault monster count
 F = Vault count percentage of total count
                 A         B        C        D         E       F
            +---------+---------+-------+---------+---------+-------
      Total |   16049 |    6553 |  29.0 |     284 |      91 |  24.3
            +---------+---------+-------+---------+---------+-------
        D:1 |      56 |       7 |  11.1 |      26 |       7 |  21.2
        D:2 |     141 |      37 |  20.8 |      16 |      17 |  51.5
        D:3 |     105 |      37 |  26.1 |      27 |       1 |   3.6
        D:4 |     170 |     910 |  84.3 |      23 |      14 |  37.8
        D:5 |     407 |      30 |   6.9 |      20 |       5 |  20.0
        D:6 |     578 |       0 |   0.0 |      20 |       0 |   0.0
        D:7 |     501 |    1290 |  72.0 |      18 |       3 |  14.3
        D:8 |    1821 |     997 |  35.4 |      20 |       1 |   4.8
        D:9 |    1374 |     952 |  40.9 |      21 |       5 |  19.2
       D:10 |    2330 |    1175 |  33.5 |      28 |      12 |  30.0
       D:11 |    6696 |     963 |  12.6 |      53 |      18 |  25.4
       D:12 |    1870 |       0 |   0.0 |      12 |       0 |   0.0
      Sewer |       0 |     155 | 100.0 |       0 |       8 | 100.0
            +---------+---------+-------+---------+---------+-------
